 Dungeon Crawl Stone Soup version 0.30-a0-743-gbfdf073431 (webtiles) character file.

Game seed: 8921223632438363806

305 Zenkrye the Chopper (level 6, -3/70 HPs)
             Began as a Human Berserker on Feb 6, 2023.
             Was a Priest of Trog.
             Succumbed to a water moccasin's poison
             ... on level 3 of the Dungeon.
             The game lasted 00:05:15 (1876 turns).

Zenkrye the Chopper (Human Berserker)               Turns: 1876, Time: 00:05:15

Health: -3/70      AC: 10    Str: 19    XL:     6   Next: 67%
Magic:  6/6        EV:  6    Int:  8    God:    Trog [***...]
Gold:   122        SH:  0    Dex: 12    Spells: 5/5 levels left

rFire   . . .      SeeInvis .    p - +0 hand axe (venom)
rCold   . . .      Faith    .    (no shield)
rNeg    . . .      Spirit   .    m - +0 plate armour
rPois   .          Reflect  .    (no helmet)
rElec   .          Harm     .    (no cloak)
rCorr   .          Rampage  .    (no gloves)
Will    ++...                    (no boots) Stlth
                                 (no amulet)
HPRegen 1.31/turn                (no ring)
MPRegen 0.10/turn                (no ring)

@: berserking, lethally poisoned (-3 -> -22), strong-willed, regenerating, very
quick
A: no striking features
a: Renounce Religion, Berserk, Trog's Hand


You were on level 3 of the Dungeon.
You worshipped Trog.
Trog was most pleased with you.
You visited 1 branch of the dungeon, and saw 3 of its levels.

You collected 122 gold pieces.

Inventory:

Hand Weapons
 a - a +0 hand axe
 d - a +4 broad axe of venom
 p - a +0 hand axe of venom (weapon)
Armour
 b - a +0 animal skin
 g - a +0 ring mail
 m - a +0 plate armour (worn)
 n - a +0 chain mail
Jewellery
 h - a +6 ring of dexterity
Scrolls
 i - a scroll of identify {@r1}
 k - a scroll of silence
 l - a scroll of fear {unknown}
 q - a scroll of brand weapon {unknown}
Potions
 c - a potion of heal wounds {@q2}
 e - a potion of might {@q4}
 f - a potion of cancellation {unknown}
 j - 2 potions of magic {unknown}
 o - 2 potions of haste {unknown}


   Skills:
 - Level 3.0 Fighting
 + Level 7.0 Axes
 - Level 2.0 Armour
 - Level 2.0 Dodging


You had 5 spell levels left.
You didn't know any spells.
Your spell library was empty.

Dungeon Overview and Level Annotations

Branches:
Dungeon (3/15)

Altars:


Message History

The water moccasin is heavily wounded.
You feel sick. The water moccasin bites you.
You are more poisoned.
The water moccasin poisons you!
The water moccasin bites you but does no damage.
You hit the water moccasin.
The water moccasin is heavily wounded.
You feel very sick.
The water moccasin bites you but does no damage.
You hit the water moccasin.
The water moccasin is severely wounded.
You feel sick. The water moccasin barely misses you.
The water moccasin bites you.
Your +4 broad axe of venom stops dripping with poison.
Your +0 hand axe of venom begins to drip with poison!
p - a +0 hand axe of venom (weapon)
You feel sick.
The water moccasin bites you but does no damage.
You are too injured to fight recklessly!
You are too injured to fight recklessly!
You are too injured to fight recklessly!
You are too injured to fight recklessly!
You closely miss the water moccasin.
The water moccasin is severely wounded.
You feel sick. The water moccasin bites you!
* * * LOW HITPOINT WARNING * * *
You are lethally poisoned!
The water moccasin poisons you!
Your skin crawls.
You feel strong-willed.
* * * LOW HITPOINT WARNING * * *
You feel very sick. The water moccasin bites you.
* * * LOW HITPOINT WARNING * * *
You are more poisoned.
The water moccasin poisons you!
The water moccasin bites you but does no damage.
A red film seems to cover your vision as you go berserk!
You feel yourself moving faster!
You feel mighty!
You die...

#.......................######
#......................
#...............###....
#...................#
#...............#####
##...).........##
##.....#......# #.###
........#.##.## #....
.....#..@†.# ##. ......S†...#
#.. ............>.. .....
............... ####.
............### ##
............# ............#
............#


You could see a water moccasin (poisoned).

Vanquished Creatures
  2 howler monkeys (D:3)
  A hound (D:3)
  An orc priest (D:3)
  Jessica (D:2)
  A gnoll (D:3)
  2 adders (D:3)
  5 worms
  3 dart slugs
  9 orcs (D:3)
  12 ball pythons
  6 endoplasms
  2 giant cockroaches (D:2)
  2 goblins
  7 hobgoblins
  11 jackals (D:3)
  4 quokkas
  6 bats
  4 frilled lizards
  2 kobolds (D:1)
  5 rats
86 creatures vanquished.

Vanquished Creatures (others)
  A plant (D:3)
1 creature vanquished.

Grand Total: 87 creatures vanquished

Notes
Turn   | Place    | Note
-------+----------+-------------------------------------------
     0 | D:1      | Zenkrye the Human Berserker began the quest for the Orb.
     0 | D:1      | Reached XP level 1. HP: 18/18 MP: 1/1
   103 | D:1      | Reached XP level 2. HP: 14/24 MP: 2/2
   487 | D:1      | Reached skill level 4 in Axes
   487 | D:1      | Reached XP level 3. HP: 28/29 MP: 3/3
   753 | D:2      | Reached ** piety under Trog
   909 | D:2      | Noticed Jessica
   927 | D:2      | Killed Jessica
   928 | D:2      | Reached XP level 4. HP: 34/35 MP: 4/4
   940 | D:2      | Reached skill level 5 in Axes
  1385 | D:3      | Reached XP level 5. HP: 38/41 MP: 5/5
  1600 | D:3      | Reached skill level 6 in Axes
  1604 | D:3      | Reached *** piety under Trog
  1605 | D:3      | Reached XP level 6. HP: 41/47 MP: 6/6
  1721 | D:3      | Reached skill level 7 in Axes
  1858 | D:3      | Noticed a water moccasin
  1875 | D:3      | HP: 2/47 [water moccasin (6)]
  1876 | D:3      | Succumbed to a water moccasin's poison

Illustrated notes

Levels and vault maps discovered:
D:1:      minmay_arrival_four_circles, layout_basic, minmay_pentomino_z2
D:2:      layout_rooms, nrook_campfire, uniq_jessica
D:3:      lemuel_castle_with_subvaults [lemuel_castle_interior_carwin_2],
          layout_rooms, gup_sewer_entry_pipe, uniq_natasha

Skill      XL: |  1  2  3  4  5  6 |
---------------+-------------------+-----
Axes           | 4 5 6 7 |  7.0
Fighting       | |  3.0
Armour         | |  2.0
Dodging        | |  2.0

Action                     |  1- 3 |  4- 6 || total
---------------------------+-------+-------++-------
  Melee: Hand axe          |   133 |    24 ||   157
         Broad axe         |       |    70 ||    70
         Punch             |       |     1 ||     1
 Invoke: Trog's Hand       |     1 |     1 ||     2
         Berserk           |       |     1 ||     1
    Use: Scroll            |     4 |     4 ||     8
 Armour: Animal skin       |    17 |       ||    17
         Ring mail         |    20 |     1 ||    21
         Chain mail        |       |    34 ||    34
         Plate armour      |       |    28 ||    28
  Dodge: Dodged            |    86 |    43 ||   129

Table legend: (Time is in decaauts)
 A = Elapsed time spent in this place.
 B = Non-inter-level travel time spent in this place.
 C = Inter-level travel time spent in this place.
 D = Time resting spent in this place.
 E = Time spent auto-exploring this place.
 F = Levels seen in this place.
 G = Mean time per level.
                   A        B        C        D        E       F      G
               +--------+--------+--------+--------+--------+-----+--------+
         Total |   1919 |   1864 |     55 |      0 |   1324 |   3 |  639.7 |
       Dungeon |   1919 |   1864 |     55 |      0 |   1324 |   3 |  639.7 |
               +--------+--------+--------+--------+--------+-----+--------+

Top non-repeatable levels by time:
     D:1: 757 daAuts
     D:2: 643 daAuts
     D:3: 519 daAuts
